 Dungeon Crawl Stone Soup version 0.29-a0-872-g797fff5ad1 (webtiles) character file.

Game seed: 17155128822296769185

242 Ajdolov the Shooter (level 6, -1/48 HPs)
             Began as a Ghoul Hunter on July 18, 2022.
             Slain by an orc
             ... wielding a +2 trident of venom
              (5 damage)
             ... on level 5 of the Dungeon.
             The game lasted 00:06:01 (3640 turns).

Ajdolov the Shooter (Ghoul Hunter)                  Turns: 3640, Time: 00:06:01

Health: -1/48      AC:  4    Str: 17    XL:     6   Next: 9%
Magic:  5/5        EV: 15    Int:  4    God:
Gold:   157        SH:  0    Dex: 12    Spells: 5/5 levels left

rFire   . . .      SeeInvis .   a - +0 shortbow
rCold   + . .      Faith    .   (shield currently unavailable)
rNeg    + + +      Spirit   .   c - +0 leather armour
rPois   ∞          Reflect  .   (no helmet)
rElec   .          Harm     .   (no cloak)
rCorr   .          Rampage  .   t - +0 pair of gloves
Will    .....                   (no boots)
Stlth   +.........              (no amulet)
HPRegen 0.00/turn               q - +4 ring of evasion
MPRegen 0.09/turn               (no ring)

@: inhibited regen
A: claws 1, cold resistance 1, negative energy resistance 3, inhibited
regeneration, torment resistance 2, devour on kill
a: no special abilities


You were on level 5 of the Dungeon.
You visited 1 branch of the dungeon, and saw 5 of its levels.
You also visited: Sewer.

You collected 157 gold pieces.

Inventory:

Hand Weapons
 a - a +0 shortbow (weapon)
Missiles
 i - 2 curare-tipped darts
 n - a throwing net
Armour
 c - a +0 leather armour (worn)
 t - a +0 pair of gloves (worn)
Jewellery
 q - a +4 ring of evasion (left hand)
 u - an amulet of guardian spirit
Scrolls
 b - 3 scrolls of immolation
 d - 2 scrolls of summoning {unknown}
 f - 2 scrolls of vulnerability {unknown}
 h - a scroll of poison {unknown}
 j - 3 scrolls of identify {unknown}
 k - a scroll of blinking {unknown}
 l - a scroll of teleportation
 o - a scroll of fear {unknown}
 p - a scroll of magic mapping {unknown}
 r - a scroll of acquirement {unknown}
 s - 2 scrolls of enchant weapon {unknown}
 w - a scroll of brand weapon {unknown}
 y - a scroll of fog {unknown}
 z - a scroll of enchant armour {unknown}
Potions
 e - 2 potions of curing
 g - 2 potions of attraction {unknown}
 m - 3 potions of haste {unknown}
 v - a potion of might {unknown}
 x - a potion of heal wounds {unknown}


   Skills:
 - Level 2.1 Fighting
 * Level 6.5 Ranged Weapons
 - Level 1.7 Dodging
 - Level 1.1 Stealth


You had 5 spell levels left.
You didn't know any spells.
Your spell library contained the following spells:

 Spells                   Type           Power      Damage    Failure   Level
 Blink                    Tloc           0%         N/A       71%         2
 Manifold Assault         Tloc           0%         N/A       100%        5
 Storm Form               Tmut/Air       Unusable   N/A       N/A         7

Dungeon Overview and Level Annotations

Branches:
Dungeon (5/15)              Sewer (visited)
 Temple: D:4-7

Altars:
Ashenzari

Shops:
D:2 [

Annotations:
D:4 exclusion: 2 wights
D:5 Pargi


Innate Abilities, Weirdness & Mutations

You are immune to poison.
You have sharp fingernails.
Your flesh is cold resistant. (rC+)
You are immune to negative energy. (rN+++)
You do not regenerate when monsters are visible.
You are immune to unholy pain and torment.
You thrive by killing the living.


Message History

The orc wizard flickers and vanishes!
Deactivating autopickup; reactivate with Ctrl-A.
Fire: a) +0 shortbow
Press: ? - help, Q - select action, (/) - cycle Shift-Dir - straight line, f/p - orc wizard
Aim: an orc wizard, wielding a +0 dagger and wearing a +0 robe (severely wounded, 55% to hit)
You shoot an arrow.
The arrow closely misses the orc wizard.
The arrow barely misses the orc.
The orc wizard hits you with a +0 dagger.
Fire: a) +0 shortbow
Press: ? - help, Q - select action, (/) - cycle Shift-Dir - straight line, f/p - orc wizard
Aim: an orc wizard, wielding a +0 dagger and wearing a +0 robe (severely wounded, 55% to hit)
You shoot an arrow.
The arrow closely misses the orc wizard.
The arrow hits the orc but does no damage.
The orc wizard completely misses you. The ice beast hits you.
The ice beast freezes you. You resist.
* * * LOW HITPOINT WARNING * * *
The ice beast barely misses you.
Fire: a) +0 shortbow
Press: ? - help, Q - select action, (/) - cycle Shift-Dir - straight line, f/p - orc wizard
Aim: an orc wizard, wielding a +0 dagger and wearing a +0 robe (severely wounded, 55% to hit)
You shoot an arrow. The arrow hits the orc.
The orc is severely wounded.
The ice beast closely misses you. Something hits you.
* * * LOW HITPOINT WARNING * * *
The orc hits you but does no damage. The orc misses you.
Fire: a) +0 shortbow
Press: ? - help, Q - select action, (/) - cycle Shift-Dir - straight line, f/p - orc wizard
Aim: an orc wizard, wielding a +0 dagger and wearing a +0 robe (severely wounded, 55% to hit)
You shoot an arrow. The arrow hits the orc.
The orc is almost dead.
The ice beast hits you.
* * * LOW HITPOINT WARNING * * *
The ice beast freezes you. You resist.
* * * LOW HITPOINT WARNING * * *
The orc hits you with a +0 short sword.
* * * LOW HITPOINT WARNING * * *
The orc hits you from afar with a +2 trident of venom.
You die...

####.....#
.>.
#≈≈.≈≈##..
#.....+ .
≈..........
#.....#
..#.........
#.....#
..#.........
#.....#
.......
#.....#
.......
#.....#
#....Y#
#...o@#
#....o#
#..o.o#
#.....#
#.....#
#.....#
......#
.......#


You could see an ice beast, an orc wizard and 3 orcs.

Vanquished Creatures
  A phantom (D:3)
  A hound (D:3)
  3 gnolls (D:3)
  3 adders
  5 worms
  2 dart slugs
  11 endoplasms
  3 giant cockroaches (D:1)
  5 goblins
  3 hobgoblins
  A quokka (D:3)
  4 ball pythons
  9 bats
  8 frilled lizards
  8 kobolds
  3 rats
70 creatures vanquished.

Notes
Turn   | Place    | Note
-------+----------+-------------------------------------------
     0 | D:1      | Ajdolov the Ghoul Hunter began the quest for the Orb.
     0 | D:1      | Reached XP level 1. HP: 17/17 MP: 0/0
   162 | D:1      | Reached skill level 4 in Ranged Weapons
   162 | D:1      | Reached XP level 2. HP: 24/24 MP: 1/1
   346 | D:1      | Reached XP level 3. HP: 29/29 MP: 2/2
   710 | D:2      | Found Luvoim's Armour Emporium.
  1199 | D:3      | Found a faded altar of an unknown god.
  1219 | D:3      | Reached skill level 5 in Ranged Weapons
  1219 | D:3      | Reached XP level 4. HP: 36/36 MP: 3/3
  1306 | D:3      | Found a broken altar of Ashenzari.
  2112 | D:4      | Noticed a phantom
  2227 | D:3      | Killed a phantom
  2228 | D:3      | Reached skill level 6 in Ranged Weapons
  2228 | D:3      | Reached XP level 5. HP: 5/41 MP: 4/4
  3462 | D:5      | Entered Level 5 of the Dungeon
  3462 | D:5      | Found a glowing drain.
  3473 | D:5      | Reached XP level 6. HP: 44/48 MP: 5/5
  3496 | Sewer    | Entered a sewer
  3573 | Sewer    | Noticed Pargi
  3624 | D:5      | Noticed a water moccasin
  3624 | D:5      | Noticed an ice beast
  3640 | D:5      | Slain by an orc

Illustrated notes

Levels and vault maps discovered:
D:1:      ebering_hopf_link, layout_loops_ring
D:2:      layout_basic, serial_shops, shop
D:3:      layout_basic, ashenzari_altar_1, hellmonk_ecumenical_altar_blasted
D:4:      layout_loops_cross
D:5:      layout_gridville, minmay_temple_entry_waves,
          cheibrodos_sewer_entry_sluice, gammafunk_ghost_necromancy,
          uniq_blork_the_orc, uniq_ijyb

Skill      XL: |  1  2  3  4 |
---------------+-------------+-----
Ranged Weapons | 4 5 6 |  6.5
Fighting       | |  2.1
Dodging        | |  1.7
Stealth        | |  1.1

Action                   |  1- 3 |  4- 6 || total
-------------------------+-------+-------++-------
 Fire: Shortbow          |   102 |   169 ||   271
  Use: Scroll            |       |     2 ||     2
       Potion            |       |     1 ||     1
Armor: Leather armour    |     8 |    34 ||    42
Dodge: Dodged            |    14 |   136 ||   150

Table legend: (Time is in decaauts)
 A = Elapsed time spent in this place.
 B = Non-inter-level travel time spent in this place.
 C = Inter-level travel time spent in this place.
 D = Time resting spent in this place.
 E = Time spent auto-exploring this place.
 F = Levels seen in this place.
 G = Mean time per level.
                   A        B        C        D        E       F      G
               +--------+--------+--------+--------+--------+-----+--------+
         Total |   3743 |   3601 |    142 |    911 |   2065 |   6 |  623.8 |
       Dungeon |   3614 |   3472 |    142 |    911 |   1990 |   5 |  722.8 |
         Sewer |    128 |    128 |      0 |      0 |     75 |   1 |  128.0 |
               +--------+--------+--------+--------+--------+-----+--------+

Top non-repeatable levels by time:
     D:3: 1358 daAuts
     D:4: 1026 daAuts
     D:2: 606 daAuts
     D:1: 550 daAuts
   Sewer: 128 daAuts
     D:5: 72 daAuts
